Rangers vs Bruins
Created - June 12, 2022 at 07:25
Goals
|
Rangers |
0 |
1 |
0 |
1 |
Bruins |
2 |
0 |
3 |
5 |
|
Shots
|
Rangers |
10 |
8 |
12 |
30 |
Bruins |
12 |
8 |
10 |
30 |
|
1st period
1. Bruins , Casey Cizikas 15 (Andrei Kostitsyn 13) at 13:42
2. Bruins , Zack Kassian 36 (Jonathan Toews 49, Wojtek Wolski 51) at 16:29 (PP)
Penalties :
Matt Delahey (NyR) for Interference (Minor) at 11:09, Ryan Strome (NyR) for High sticking (Minor) at 14:44, Victor Oreskovich (Bos) for Interference (Minor) at 17:02
2nd period
3. Rangers , Magnus Paajarvi 10 (Maxime Sauvé 1) at 15:59
Penalties :
Devante Smith-Pelly (NyR) for Hooking (Minor) at 0:03, Milan Lucic (NyR) for Roughing (Minor) at 6:32, Jonas Brodin (NyR) for Holding (Minor) at 9:14, Kevin Hayes (Bos) for Tripping (Minor) at 13:28, Milan Lucic (NyR) for Tripping (Minor) at 16:23
3rd period
4. Bruins , Victor Oreskovich 12 (Gabriel Landeskog 26, Kevin Hayes 23) at 2:05 (PP)
5. Bruins , Wojtek Wolski 32 (Zack Kassian 44, Jonathan Toews 50) at 4:54 (PP)
6. Bruins , Torey Krug 9 (Victor Oreskovich 20, Kevin Hayes 24) at 15:02
Penalties :
Milan Lucic (NyR) for Roughing (Minor) at 2:01, Milan Lucic (NyR) for Holding (Minor) at 4:13, Jason Demers (Bos) for Boarding (Minor) at 10:08, Devante Smith-Pelly (NyR) for Holding (Minor) at 15:05, Andrei Kostitsyn (Bos) for Tripping (Minor) at 18:29
Goalie Stats
Harru Sateri (NyR), 25 saves from 30 shots - (0.833), L, 3-7-2, 60:00 minutes
Kevin Poulin (Bos), 29 saves from 30 shots - (0.967), W, 40-29-2, 60:00 minutes
Players Stats for Rangers
Player Name G A P +/- PIM S H SB GA TA FO MP PP MP PK MP
------------------------------------------------------------------------------------
Artem Anisimov 0 0 0 -1 0 1 0 0 0 1 1/5 12:34 0:00 0:47
Brett Ponich 0 0 0 0 0 1 2 0 0 1 0/0 13:18 0:00 1:07
Chris Bourque 0 0 0 0 0 2 2 0 0 0 2/2 18:56 3:15 6:49
Devante Smith-Pelly 0 0 0 0 4 2 0 0 0 1 1/1 15:31 4:09 0:00
Dmitry Kulikov 0 0 0 -1 0 2 0 0 2 1 0/0 28:01 4:22 8:44
Dustin Brown 0 0 0 0 0 1 1 1 0 0 2/2 14:35 3:15 3:00
Jonas Brodin 0 0 0 1 2 0 0 1 0 0 0/0 11:44 0:00 0:03
Luke Schenn 0 0 0 -1 0 2 1 2 2 0 0/0 28:01 4:22 8:44
Magnus Paajarvi 1 0 1 0 0 4 1 0 1 0 1/1 7:57 0:03 1:06
Matt Delahey 0 0 0 0 2 0 0 0 1 0 0/0 18:46 3:05 4:33
Maxime Sauvé 0 1 1 0 0 1 0 1 1 0 2/4 7:32 0:00 0:52
Milan Lucic 0 0 0 0 8 3 3 0 1 0 1/2 21:05 4:09 5:08
Patrik Nemeth 0 0 0 -1 0 0 0 1 1 1 0/0 20:19 3:05 5:37
Richard Panik 0 0 0 0 0 2 1 0 0 0 0/0 6:40 0:00 0:00
Ryan Strome 0 0 0 -1 2 1 1 1 1 1 0/0 11:21 0:06 0:00
Sean Couturier 0 0 0 0 0 5 1 0 0 1 27/40 22:31 4:09 7:06
T.J Galiardi 0 0 0 -1 0 2 2 0 0 0 0/0 11:08 0:00 0:00
Tomas Hertl 0 0 0 0 0 1 1 0 0 0 4/4 15:28 3:15 4:00
Players Stats for Bruins
Player Name G A P +/- PIM S H SB GA TA FO MP PP MP PK MP
------------------------------------------------------------------------------------
Adam Pelech 0 0 0 0 0 2 0 1 0 0 0/0 11:23 0:00 1:13
Andreas Athanasiou 0 0 0 -1 0 0 0 0 0 0 0/0 6:13 0:47 0:00
Andrei Kostitsyn 0 1 1 1 2 0 0 0 1 1 1/2 12:14 0:47 1:35
Brendan Smith 0 0 0 0 0 0 3 2 0 2 0/0 27:31 4:42 4:16
Casey Cizikas 1 0 1 1 0 3 1 0 2 1 2/6 12:43 0:22 1:51
Gabriel Landeskog 0 1 1 1 0 1 1 0 0 0 0/1 18:25 5:43 2:17
Jason Demers 0 0 0 0 2 0 1 0 0 2 0/0 28:34 9:42 3:07
Jonathan Toews 0 2 2 0 0 1 2 0 0 0 6/18 21:31 7:47 2:01
Josh Manson 0 0 0 0 0 0 1 0 0 1 0/0 10:44 0:00 0:08
Kevin Hayes 0 2 2 1 2 1 1 0 1 0 5/18 16:09 5:43 0:00
Kris Chucko 0 0 0 -1 0 2 1 1 0 0 0/0 6:13 0:07 0:00
Madison Bowey 0 0 0 1 0 1 0 0 0 0 0/0 20:13 4:42 3:09
Matt Read 0 0 0 1 0 1 2 1 1 0 0/0 10:42 0:39 0:00
Mikael Backlund 0 0 0 -1 0 2 1 0 0 0 2/5 5:58 0:00 0:00
Torey Krug 1 0 1 1 0 1 1 0 0 1 0/0 21:43 9:42 3:01
Victor Oreskovich 1 1 2 1 2 5 3 0 0 0 0/0 15:59 5:43 0:00
Wojtek Wolski 1 1 2 0 0 3 1 0 1 1 3/8 23:07 7:47 3:35
Zack Kassian 1 1 2 0 0 7 0 1 1 1 1/3 23:07 7:47 3:35
3 Stars
1 - Kevin Poulin (Bos)
2 - Victor Oreskovich (Bos)
3 - Wojtek Wolski (Bos)
Power Play
Rangers - 0 on 4 Attempt(s) - 0.00%
Bruins - 3 on 9 Attempt(s) - 33.33%
Penalty Kill
Rangers - 6 on 9 Attempt(s) - 66.67%
- Score 0 goal in Penalty Kill
Bruins - 4 on 4 Attempt(s) - 100.00%
- Score 0 goal in Penalty Kill
Team Stat
Rangers - Hits : 16 - Faceoff Wins : 41 - Blocked Shots : 7 - Penalty Minutes : 18
Bruins - Hits : 19 - Faceoff Wins : 20 - Blocked Shots : 6 - Penalty Minutes : 8
Official
Referees : TJ Luxmore and Peter MacDougall
Linesman : Vaughan Rody and Brian Mach
Game Notes
No Game Note
Finance
Level 1 -- Attendance: 4020 (67.00%) -- Ticket Income $498,480
Level 2 -- Attendance: 3333 (66.66%) -- Ticket Income $249,975
Level 3 -- Attendance: 1410 (70.50%) -- Ticket Income $62,040
Level 4 -- Attendance: 2726 (68.15%) -- Ticket Income $79,054
Luxury Box -- Attendance: 742 (74.20%) -- Ticket Income $162,498
Game was played at the TD Garden.
Total Attendance: 12231 (67.95%)
Total Ticket Income: $1,052,047
Other Income: $157,807
Total Income: $1,209,854
Rangers
5 vs 5 Forward
Center Left Wing Right Wing Time % Phy DF OF
1 Sean Couturier Milan Lucic Devante Smith-Pelly 40 1 2 2
2 Tomas Hertl Chris Bourque Dustin Brown 30 1 2 2
3 Artem Anisimov T.J Galiardi Ryan Strome 20 1 2 2
4 Maxime Sauvé Magnus Paajarvi Richard Panik 10 1 2 2
5 vs 5 Defense
Defense Defense Time % Phy DF OF
1 Luke Schenn Dmitry Kulikov 40 1 2 2
2 Patrik Nemeth Matt Delahey 30 1 2 2
3 Brett Ponich Jonas Brodin 20 1 2 2
4 Luke Schenn Dmitry Kulikov 10 1 2 2
PowerPlay Forward
Center Left Wing Right Wing Time % Phy DF OF
1 Sean Couturier Milan Lucic Devante Smith-Pelly 60 1 2 2
2 Tomas Hertl Chris Bourque Dustin Brown 40 1 2 2
PowerPlay Defense
Defense Defense Time % Phy DF OF
1 Luke Schenn Dmitry Kulikov 60 1 2 2
2 Patrik Nemeth Matt Delahey 40 1 2 2
Penalty Kill 4 Players Forward
Center Wing Time % Phy DF OF
1 Sean Couturier Milan Lucic 60 1 2 2
2 Tomas Hertl Chris Bourque 40 1 2 2
Penalty Kill 4 Players Defense
Defense Defense Time % Phy DF OF
1 Luke Schenn Dmitry Kulikov 60 1 2 2
2 Patrik Nemeth Matt Delahey 40 1 2 2
Penalty Kill - 3 Players Forward
Forward Time % Phy DF OF
1 Sean Couturier 60 1 2 2
2 Tomas Hertl 40 1 2 2
Penalty Kill - 3 Players Defense
Defense Defense Time % Phy DF OF
1 Luke Schenn Dmitry Kulikov 60 1 2 2
2 Patrik Nemeth Matt Delahey 40 1 2 2
4 vs 4 Forward
Center Wing Time % Phy DF OF
1 Sean Couturier Milan Lucic 60 1 2 2
2 Tomas Hertl Chris Bourque 40 1 2 2
4 vs 4 Defense
Defense Defense Time % Phy DF OF
1 Luke Schenn Dmitry Kulikov 60 1 2 2
2 Patrik Nemeth Matt Delahey 40 1 2 2
Last Minutes Offensive
Center Left Wing Right Wing Defense Defense
Sean Couturier Milan Lucic Devante Smith-Pelly Luke Schenn Dmitry Kulikov
Last Minutes Defensive
Center Left Wing Right Wing Defense Defense
Sean Couturier Milan Lucic Devante Smith-Pelly Luke Schenn Dmitry Kulikov
Goaltenders
Starting : Harru Sateri
Backup : Mike Condon
Extra Forwards
Normal : Dustin Brown, Ryan Strome, Chris Bourque - PP : Dustin Brown, Ryan Strome - PK : Dustin Brown
Extra Defensemen
Normal : Matt Delahey, Brett Ponich, Jonas Brodin - PP : Matt Delahey - PK : Matt Delahey, Brett Ponich
Penalty Shots
Milan Lucic, Sean Couturier, Tomas Hertl, Devante Smith-Pelly, Dustin Brown
Scratches
Morgan Ellis (Healthy), Steve Quailer (Healthy), Frederik Andersen (Healthy)
Bruins
5 vs 5 Forward
Center Left Wing Right Wing Time % Phy DF OF
1 Jonathan Toews Wojtek Wolski Zack Kassian 40 1 2 2
2 Kevin Hayes Gabriel Landeskog Victor Oreskovich 30 1 2 2
3 Casey Cizikas Andrei Kostitsyn Matt Read 20 1 2 2
4 Mikael Backlund Kris Chucko Andreas Athanasiou 10 1 2 2
5 vs 5 Defense
Defense Defense Time % Phy DF OF
1 Jason Demers Brendan Smith 40 1 2 2
2 Madison Bowey Torey Krug 30 1 2 2
3 Josh Manson Adam Pelech 20 1 2 2
4 Jason Demers Brendan Smith 10 1 2 2
PowerPlay Forward
Center Left Wing Right Wing Time % Phy DF OF
1 Jonathan Toews Wojtek Wolski Zack Kassian 60 1 2 2
2 Kevin Hayes Gabriel Landeskog Victor Oreskovich 40 1 2 2
PowerPlay Defense
Defense Defense Time % Phy DF OF
1 Jason Demers Torey Krug 60 1 2 2
2 Madison Bowey Brendan Smith 40 1 2 2
Penalty Kill 4 Players Forward
Center Wing Time % Phy DF OF
1 Wojtek Wolski Zack Kassian 60 1 2 2
2 Jonathan Toews Gabriel Landeskog 40 1 2 2
Penalty Kill 4 Players Defense
Defense Defense Time % Phy DF OF
1 Jason Demers Brendan Smith 60 1 2 2
2 Madison Bowey Torey Krug 40 1 2 2
Penalty Kill - 3 Players Forward
Forward Time % Phy DF OF
1 Wojtek Wolski 60 1 2 2
2 Zack Kassian 40 1 2 2
Penalty Kill - 3 Players Defense
Defense Defense Time % Phy DF OF
1 Jason Demers Torey Krug 60 1 2 2
2 Madison Bowey Josh Manson 40 1 2 2
4 vs 4 Forward
Center Wing Time % Phy DF OF
1 Wojtek Wolski Zack Kassian 60 1 2 2
2 Jonathan Toews Gabriel Landeskog 40 1 2 2
4 vs 4 Defense
Defense Defense Time % Phy DF OF
1 Jason Demers Brendan Smith 60 1 2 2
2 Madison Bowey Torey Krug 40 1 2 2
Last Minutes Offensive
Center Left Wing Right Wing Defense Defense
Jonathan Toews Wojtek Wolski Zack Kassian Jason Demers Torey Krug
Last Minutes Defensive
Center Left Wing Right Wing Defense Defense
Jonathan Toews Wojtek Wolski Zack Kassian Jason Demers Torey Krug
Goaltenders
Starting : Kevin Poulin
Backup : Antti Niemi
Extra Forwards
Normal : Andrei Kostitsyn, Matt Read, Casey Cizikas - PP : Andrei Kostitsyn, Matt Read - PK : Casey Cizikas
Extra Defensemen
Normal : Torey Krug, Jason Demers, Brendan Smith - PP : Adam Pelech - PK : Adam Pelech, Madison Bowey
Penalty Shots
Wojtek Wolski, Zack Kassian, Jonathan Toews, Gabriel Landeskog, Kevin Hayes
Scratches
John Hayden (Healthy)
% Time on Ice - Rangers
Lines # - Real PCT - Wanted PCT - Time Play
Normal Forward
1 - 32% - 40% - 12:23
2 - 21% - 30% - 7:58
3 - 29% - 20% - 11:08
4 - 17% - 10% - 6:40
Normal Defense
1 - 39% - 40% - 14:54
2 - 30% - 30% - 11:37
3 - 30% - 20% - 11:22
4 - 1% - 10% - 0:16
PP Forward
1 - 56% - 60% - 4:12
2 - 44% - 40% - 3:15
PP Defense
1 - 59% - 60% - 4:22
2 - 41% - 40% - 3:05
PK Forward
1 - 73% - 60% - 10:27
2 - 27% - 40% - 3:57
PK Defense
1 - 61% - 60% - 8:47
2 - 39% - 40% - 5:37
PK3 Forward
1 - 0% - 60%
2 - 0% - 40%
PK3 Defense
1 - 0% - 60%
2 - 0% - 40%
44 Forward
1 - 0% - 60%
2 - 0% - 40%
44 Defense
1 - 0% - 60%
2 - 0% - 40%
Last Minute Offensive - 0:00
Last Minute Defensive - 0:00
Total
Forward - 60:00
Defense - 60:00
|
% Time on Ice - Bruins
Lines # - Real PCT - Wanted PCT - Time Play
Normal Forward
1 - 32% - 40% - 12:03
2 - 27% - 30% - 10:16
3 - 26% - 20% - 9:52
4 - 16% - 10% - 5:58
Normal Defense
1 - 38% - 40% - 14:34
2 - 31% - 30% - 11:56
3 - 27% - 20% - 10:10
4 - 4% - 10% - 1:29
PP Forward
1 - 55% - 60% - 7:54
2 - 45% - 40% - 6:30
PP Defense
1 - 67% - 60% - 9:42
2 - 33% - 40% - 4:42
PK Forward
1 - 76% - 60% - 5:40
2 - 24% - 40% - 1:47
PK Defense
1 - 60% - 60% - 4:26
2 - 40% - 40% - 3:01
PK3 Forward
1 - 0% - 60%
2 - 0% - 40%
PK3 Defense
1 - 0% - 60%
2 - 0% - 40%
44 Forward
1 - 0% - 60%
2 - 0% - 40%
44 Defense
1 - 0% - 60%
2 - 0% - 40%
Last Minute Offensive - 0:00
Last Minute Defensive - 0:00
Total
Forward - 60:00
Defense - 60:00
|
Play-by-Play
1st period
0:01 of 1st period - Jonathan Toews wins face-off versus Sean Couturier in neutral zone.
0:06 of 1st period - Milan Lucic is hit by Jason Demers and loses puck.
0:25 of 1st period - Gabriel Landeskog is hit by Chris Bourque and loses puck.
0:46 of 1st period - Matt Read is hit by T.J Galiardi and loses puck.
2:25 of 1st period - Wrist shot by Devante Smith-Pelly.
2:25 of 1st period - Shot Misses the Net.
2:33 of 1st period - Icing by Matt Read.
2:34 of 1st period - Chris Bourque wins face-off versus Andrei Kostitsyn in Bruins zone.
2:39 of 1st period - Snap shot by Chris Bourque.
2:39 of 1st period - Stopped by Kevin Poulin with a rebound.
2:41 of 1st period - Snap shot by Chris Bourque.
2:41 of 1st period - Shot Misses the Net.
2:43 of 1st period - Slapshot by Matt Delahey.
2:43 of 1st period - Deflect By Tomas Hertl.
2:43 of 1st period - Shot Misses the Net.
2:43 of 1st period - Puck is out of play.
2:44 of 1st period - Tomas Hertl wins face-off versus Wojtek Wolski in Bruins zone.
2:45 of 1st period - Wrist shot by Chris Bourque.
2:45 of 1st period - Stopped by Kevin Poulin without a rebound.
2:46 of 1st period - Sean Couturier wins face-off versus Jonathan Toews in Bruins zone.
3:19 of 1st period - Icing by Kevin Hayes.
3:20 of 1st period - Tomas Hertl wins face-off versus Kevin Hayes in Bruins zone.
3:47 of 1st period - Wrist shot by Chris Bourque.
3:47 of 1st period - Shot Misses the Net.
3:53 of 1st period - Tomas Hertl is hit by Victor Oreskovich and loses puck.
5:00 of 1st period - Snap shot by Kevin Hayes.
5:00 of 1st period - Shot Misses the Net.
5:02 of 1st period - Wrist shot by Gabriel Landeskog.
5:02 of 1st period - Shot Blocked by Dustin Brown.
5:06 of 1st period - Wrist shot by Kevin Hayes.
5:06 of 1st period - Deflect By Victor Oreskovich.
5:06 of 1st period - Stopped by Harru Sateri with a rebound.
5:08 of 1st period - Wrist shot by Kevin Hayes.
5:08 of 1st period - Shot Blocked by Jonas Brodin.
5:10 of 1st period - Backhand shot by Gabriel Landeskog.
5:10 of 1st period - Shot Misses the Net.
5:12 of 1st period - Snap shot by Victor Oreskovich.
5:12 of 1st period - Stopped by Harru Sateri without a rebound.
5:13 of 1st period - Sean Couturier wins face-off versus Jonathan Toews in Rangers zone.
5:28 of 1st period - Slapshot by Wojtek Wolski.
5:28 of 1st period - Deflect By Zack Kassian.
5:28 of 1st period - Stopped by Harru Sateri without a rebound.
5:29 of 1st period - Jonathan Toews wins face-off versus Artem Anisimov in Rangers zone.
5:30 of 1st period - Snap shot by Zack Kassian.
5:30 of 1st period - Shot Blocked by Luke Schenn.
5:32 of 1st period - Wrist shot by Wojtek Wolski.
5:32 of 1st period - Deflect By Zack Kassian.
5:32 of 1st period - Stopped by Harru Sateri without a rebound.
5:33 of 1st period - Artem Anisimov wins face-off versus Jonathan Toews in Rangers zone.
6:21 of 1st period - Icing by Madison Bowey.
6:22 of 1st period - Magnus Paajarvi wins face-off versus Casey Cizikas in Bruins zone.
6:25 of 1st period - Snap shot by Magnus Paajarvi.
6:25 of 1st period - Shot Blocked by Matt Read.
6:31 of 1st period - Slapshot by Casey Cizikas.
6:31 of 1st period - Shot Blocked by Maxime Sauvé.
7:32 of 1st period - Snap shot by Casey Cizikas.
7:32 of 1st period - Stopped by Harru Sateri without a rebound.
7:33 of 1st period - Devante Smith-Pelly wins face-off versus Casey Cizikas in Rangers zone.
7:48 of 1st period - Josh Manson is hit by Sean Couturier and loses puck.
8:04 of 1st period - Snap shot by Jonathan Toews.
8:04 of 1st period - Shot Misses the Net.
8:06 of 1st period - Snap shot by Josh Manson.
8:06 of 1st period - Shot Misses the Net.
8:08 of 1st period - Slapshot by Adam Pelech.
8:08 of 1st period - Stopped by Harru Sateri with a rebound.
8:10 of 1st period - Snap shot by Jonathan Toews.
8:10 of 1st period - Stopped by Harru Sateri with a rebound.
9:29 of 1st period - Icing by Casey Cizikas.
9:30 of 1st period - Sean Couturier wins face-off versus Casey Cizikas in Bruins zone.
9:41 of 1st period - Snap shot by Devante Smith-Pelly.
9:41 of 1st period - Deflect By Sean Couturier.
9:41 of 1st period - Shot Misses the Net.
9:41 of 1st period - Puck is out of play.
9:42 of 1st period - Sean Couturier wins face-off versus Zack Kassian in Bruins zone.
10:42 of 1st period - Snap shot by Maxime Sauvé.
10:42 of 1st period - Stopped by Kevin Poulin with a rebound.
10:44 of 1st period - Snap shot by Richard Panik.
10:44 of 1st period - Stopped by Kevin Poulin with a rebound.
11:06 of 1st period - Snap shot by Jonathan Toews.
11:06 of 1st period - Deflect By Zack Kassian.
11:06 of 1st period - Stopped by Harru Sateri without a rebound.
11:07 of 1st period - Sean Couturier wins face-off versus Kevin Hayes in Rangers zone.
11:09 of 1st period - Minor Penalty to Matt Delahey for Interference.
11:10 of 1st period - Zack Kassian wins face-off versus Sean Couturier in Rangers zone.
13:09 of 1st period - Penalty to Matt Delahey is over, Matt Delahey is back on ice.
13:28 of 1st period - Wrist shot by Kris Chucko.
13:28 of 1st period - Shot Misses the Net.
13:42 of 1st period - Snap shot by Casey Cizikas.
13:42 of 1st period - Goal by Casey Cizikas - Rangers : 0 - Bruins : 1.
13:43 of 1st period - Kevin Hayes wins face-off versus Milan Lucic in neutral zone.
14:06 of 1st period - Dustin Brown is hit by Brendan Smith and loses puck.
14:30 of 1st period - Wrist shot by Kris Chucko.
14:30 of 1st period - Shot Blocked by Luke Schenn.
14:44 of 1st period - Minor Penalty to Ryan Strome for High sticking.
14:45 of 1st period - Sean Couturier wins face-off versus Jonathan Toews in Rangers zone.
14:53 of 1st period - Off-side.
14:54 of 1st period - Sean Couturier wins face-off versus Jonathan Toews in neutral zone.
15:09 of 1st period - Wrist shot by Wojtek Wolski.
15:09 of 1st period - Stopped by Harru Sateri with a rebound.
15:51 of 1st period - Luke Schenn is hit by Torey Krug.
16:11 of 1st period - Wrist shot by Wojtek Wolski.
16:11 of 1st period - Shot Misses the Net.
16:27 of 1st period - Slapshot by Zack Kassian.
16:27 of 1st period - Stopped by Harru Sateri with a rebound.
16:29 of 1st period - Wrist shot by Zack Kassian.
16:29 of 1st period - Goal by Zack Kassian - Rangers : 0 - Bruins : 2.
16:30 of 1st period - Sean Couturier wins face-off versus Kevin Hayes in neutral zone.
16:37 of 1st period - Slapshot by Sean Couturier.
16:37 of 1st period - Stopped by Kevin Poulin without a rebound.
16:38 of 1st period - Kevin Hayes wins face-off versus Sean Couturier in Bruins zone.
16:47 of 1st period - Wrist shot by Milan Lucic.
16:47 of 1st period - Shot Misses the Net.
16:49 of 1st period - Snap shot by Devante Smith-Pelly.
16:49 of 1st period - Stopped by Kevin Poulin without a rebound.
16:50 of 1st period - Sean Couturier wins face-off versus Kevin Hayes in Bruins zone.
16:59 of 1st period - Wrist shot by Devante Smith-Pelly.
16:59 of 1st period - Stopped by Kevin Poulin without a rebound.
17:00 of 1st period - Sean Couturier wins face-off versus Kevin Hayes in Bruins zone.
17:02 of 1st period - Minor Penalty to Victor Oreskovich for Interference.
17:03 of 1st period - Sean Couturier wins face-off versus Wojtek Wolski in Bruins zone.
17:07 of 1st period - Wrist shot by Milan Lucic.
17:07 of 1st period - Stopped by Kevin Poulin with a rebound.
17:09 of 1st period - Snap shot by Milan Lucic.
17:09 of 1st period - Shot Misses the Net.
17:11 of 1st period - Slapshot by Devante Smith-Pelly.
17:11 of 1st period - Shot Misses the Net.
17:13 of 1st period - Slapshot by Milan Lucic.
17:13 of 1st period - Shot Misses the Net.
17:15 of 1st period - Wrist shot by Devante Smith-Pelly.
17:15 of 1st period - Deflect By Milan Lucic.
17:15 of 1st period - Stopped by Kevin Poulin without a rebound.
17:16 of 1st period - Wojtek Wolski wins face-off versus Sean Couturier in Bruins zone.
17:23 of 1st period - Wrist shot by Sean Couturier.
17:23 of 1st period - Shot Blocked by Brendan Smith.
17:25 of 1st period - Slapshot by Luke Schenn.
17:25 of 1st period - Deflect By Zack Kassian.
17:25 of 1st period - Stopped by Kevin Poulin with a rebound.
17:32 of 1st period - Slapshot by Dmitry Kulikov.
17:32 of 1st period - Shot Blocked by Brendan Smith.
19:02 of 1st period - Penalty to Victor Oreskovich is over, Victor Oreskovich is back on ice.
19:28 of 1st period - Ryan Strome is hit by Matt Read and loses puck.
19:50 of 1st period - Torey Krug is hit by Luke Schenn and loses puck.
Goals for this period are 0 for Rangers vs 2 for Bruins.
Shots for this period are 10 for Rangers vs 12 for Bruins.
2nd period
0:01 of 2nd period - Sean Couturier wins face-off versus Jonathan Toews in neutral zone.
0:03 of 2nd period - Minor Penalty to Devante Smith-Pelly for Hooking.
0:04 of 2nd period - Sean Couturier wins face-off versus Jonathan Toews in Rangers zone.
1:05 of 2nd period - Tomas Hertl is hit by Victor Oreskovich and loses puck.
1:20 of 2nd period - Snap shot by Dustin Brown.
1:20 of 2nd period - Stopped by Kevin Poulin without a rebound.
1:21 of 2nd period - Dustin Brown wins face-off versus Kevin Hayes in Bruins zone.
2:03 of 2nd period - Penalty to Devante Smith-Pelly is over, Devante Smith-Pelly is back on ice.
2:11 of 2nd period - Slapshot by Ryan Strome.
2:11 of 2nd period - Shot Misses the Net.
2:16 of 2nd period - Icing by Brendan Smith.
2:17 of 2nd period - Tomas Hertl wins face-off versus Casey Cizikas in Bruins zone.
2:24 of 2nd period - Snap shot by Tomas Hertl.
2:24 of 2nd period - Shot Misses the Net.
2:40 of 2nd period - Andrei Kostitsyn is hit by Dustin Brown and loses puck.
2:51 of 2nd period - Wrist shot by Tomas Hertl.
2:51 of 2nd period - Stopped by Kevin Poulin with a rebound.
3:19 of 2nd period - Snap shot by Casey Cizikas.
3:19 of 2nd period - Shot Misses the Net.
3:46 of 2nd period - Off-side.
3:47 of 2nd period - Sean Couturier wins face-off versus Jonathan Toews in neutral zone.
4:03 of 2nd period - Icing by Jonathan Toews.
4:04 of 2nd period - Jonathan Toews wins face-off versus Artem Anisimov in Bruins zone.
4:17 of 2nd period - Snap shot by Wojtek Wolski.
4:17 of 2nd period - Shot Blocked by Patrik Nemeth.
4:19 of 2nd period - Slapshot by Jonathan Toews.
4:19 of 2nd period - Shot Misses the Net.
4:41 of 2nd period - T.J Galiardi is hit by Jonathan Toews and loses puck.
5:00 of 2nd period - Wrist shot by Jonathan Toews.
5:00 of 2nd period - Shot Misses the Net.
5:02 of 2nd period - Slapshot by Adam Pelech.
5:02 of 2nd period - Stopped by Harru Sateri with a rebound.
5:24 of 2nd period - Snap shot by T.J Galiardi.
5:24 of 2nd period - Shot Misses the Net.
5:32 of 2nd period - Matt Delahey is hit by Josh Manson and loses puck.
5:43 of 2nd period - Wrist shot by Zack Kassian.
5:43 of 2nd period - Stopped by Harru Sateri with a rebound.
6:09 of 2nd period - Snap shot by Ryan Strome.
6:09 of 2nd period - Stopped by Kevin Poulin with a rebound.
6:17 of 2nd period - Wrist shot by T.J Galiardi.
6:17 of 2nd period - Stopped by Kevin Poulin without a rebound.
6:18 of 2nd period - Sean Couturier wins face-off versus Kevin Hayes in Bruins zone.
6:32 of 2nd period - Minor Penalty to Milan Lucic for Roughing.
6:33 of 2nd period - Sean Couturier wins face-off versus Kevin Hayes in Rangers zone.
8:20 of 2nd period - Matt Delahey is hit by Kevin Hayes and loses puck.
8:32 of 2nd period - Penalty to Milan Lucic is over, Milan Lucic is back on ice.
8:35 of 2nd period - Jonas Brodin is hit by Matt Read and loses puck.
8:49 of 2nd period - Icing by Jonas Brodin.
8:50 of 2nd period - Mikael Backlund wins face-off versus Sean Couturier in Rangers zone.
8:51 of 2nd period - Slapshot by Kris Chucko.
8:51 of 2nd period - Stopped by Harru Sateri with a rebound.
8:53 of 2nd period - Slapshot by Mikael Backlund.
8:53 of 2nd period - Stopped by Harru Sateri with a rebound.
8:55 of 2nd period - Snap shot by Casey Cizikas.
8:55 of 2nd period - Stopped by Harru Sateri without a rebound.
8:56 of 2nd period - Sean Couturier wins face-off versus Mikael Backlund in Rangers zone.
9:14 of 2nd period - Minor Penalty to Jonas Brodin for Holding.
9:15 of 2nd period - Sean Couturier wins face-off versus Jonathan Toews in Rangers zone.
9:55 of 2nd period - Dmitry Kulikov is hit by Gabriel Landeskog and loses puck.
10:31 of 2nd period - Tomas Hertl is hit by Jonathan Toews and loses puck.
11:14 of 2nd period - Penalty to Jonas Brodin is over, Jonas Brodin is back on ice.
11:18 of 2nd period - Snap shot by Matt Read.
11:18 of 2nd period - Stopped by Harru Sateri without a rebound.
11:19 of 2nd period - Casey Cizikas wins face-off versus Maxime Sauvé in Rangers zone.
11:41 of 2nd period - Icing by Maxime Sauvé.
11:42 of 2nd period - Mikael Backlund wins face-off versus Maxime Sauvé in Rangers zone.
12:01 of 2nd period - Slapshot by Magnus Paajarvi.
12:01 of 2nd period - Shot Hit the Post.
12:03 of 2nd period - Snap shot by Richard Panik.
12:03 of 2nd period - Shot Hit the Post.
12:05 of 2nd period - Snap shot by Maxime Sauvé.
12:05 of 2nd period - Shot Misses the Net.
12:07 of 2nd period - Snap shot by Magnus Paajarvi.
12:07 of 2nd period - Deflect By Richard Panik.
12:07 of 2nd period - Stopped by Kevin Poulin with a rebound.
12:11 of 2nd period - Slapshot by Magnus Paajarvi.
12:11 of 2nd period - Stopped by Kevin Poulin with a rebound.
12:31 of 2nd period - Wrist shot by Jonathan Toews.
12:31 of 2nd period - Shot Hit the Post.
12:41 of 2nd period - Brendan Smith is hit by Brett Ponich and loses puck.
13:06 of 2nd period - Slapshot by Magnus Paajarvi.
13:06 of 2nd period - Stopped by Kevin Poulin without a rebound.
13:07 of 2nd period - Sean Couturier wins face-off versus Gabriel Landeskog in Bruins zone.
13:28 of 2nd period - Minor Penalty to Kevin Hayes for Tripping.
13:29 of 2nd period - Andrei Kostitsyn wins face-off versus Sean Couturier in Bruins zone.
14:09 of 2nd period - Jason Demers is hit by Tomas Hertl and loses puck.
15:28 of 2nd period - Penalty to Kevin Hayes is over, Kevin Hayes is back on ice.
15:31 of 2nd period - Madison Bowey is hit by Magnus Paajarvi and loses puck.
15:42 of 2nd period - Snap shot by Kris Chucko.
15:42 of 2nd period - Shot Misses the Net.
15:44 of 2nd period - Slapshot by Madison Bowey.
15:44 of 2nd period - Stopped by Harru Sateri with a rebound.
15:46 of 2nd period - Wrist shot by Mikael Backlund.
15:46 of 2nd period - Stopped by Harru Sateri without a rebound.
15:47 of 2nd period - Maxime Sauvé wins face-off versus Mikael Backlund in Rangers zone.
15:47 of 2nd period - Maxime Sauvé is hit by Kris Chucko.
15:59 of 2nd period - Slapshot by Magnus Paajarvi.
15:59 of 2nd period - Goal by Magnus Paajarvi - Rangers : 1 - Bruins : 2.
16:00 of 2nd period - Jonathan Toews wins face-off versus Sean Couturier in neutral zone.
16:23 of 2nd period - Minor Penalty to Milan Lucic for Tripping.
16:24 of 2nd period - Sean Couturier wins face-off versus Jonathan Toews in Rangers zone.
18:23 of 2nd period - Penalty to Milan Lucic is over, Milan Lucic is back on ice.
Goals for this period are 1 for Rangers vs 0 for Bruins.
Shots for this period are 8 for Rangers vs 8 for Bruins.
3rd period
0:01 of 3rd period - Jonathan Toews wins face-off versus Sean Couturier in neutral zone.
0:08 of 3rd period - Snap shot by Milan Lucic.
0:08 of 3rd period - Shot Misses the Net.
0:12 of 3rd period - Slapshot by Milan Lucic.
0:12 of 3rd period - Stopped by Kevin Poulin without a rebound.
0:13 of 3rd period - Sean Couturier wins face-off versus Jonathan Toews in Bruins zone.
0:22 of 3rd period - Dmitry Kulikov is hit by Wojtek Wolski and loses puck.
0:31 of 3rd period - Brendan Smith is hit by Milan Lucic and loses puck.
0:42 of 3rd period - Wrist shot by T.J Galiardi.
0:42 of 3rd period - Shot Misses the Net.
1:41 of 3rd period - Slapshot by Zack Kassian.
1:41 of 3rd period - Stopped by Harru Sateri without a rebound.
1:42 of 3rd period - Sean Couturier wins face-off versus Kevin Hayes in Rangers zone.
1:59 of 3rd period - Snap shot by Victor Oreskovich.
1:59 of 3rd period - Shot Misses the Net.
2:01 of 3rd period - Minor Penalty to Milan Lucic for Roughing.
2:02 of 3rd period - Kevin Hayes wins face-off versus Sean Couturier in Rangers zone.
2:03 of 3rd period - Wrist shot by Gabriel Landeskog.
2:03 of 3rd period - Shot Misses the Net.
2:05 of 3rd period - Wrist shot by Victor Oreskovich.
2:05 of 3rd period - Goal by Victor Oreskovich - Rangers : 1 - Bruins : 3.
2:06 of 3rd period - Sean Couturier wins face-off versus Kevin Hayes in neutral zone.
2:19 of 3rd period - Snap shot by Gabriel Landeskog.
2:19 of 3rd period - Shot Misses the Net.
2:21 of 3rd period - Slapshot by Gabriel Landeskog.
2:21 of 3rd period - Stopped by Harru Sateri with a rebound.
2:23 of 3rd period - Wrist shot by Victor Oreskovich.
2:23 of 3rd period - Stopped by Harru Sateri without a rebound.
2:24 of 3rd period - Chris Bourque wins face-off versus Zack Kassian in Rangers zone.
2:24 of 3rd period - Chris Bourque is hit by Brendan Smith.
2:55 of 3rd period - Snap shot by Victor Oreskovich.
2:55 of 3rd period - Stopped by Harru Sateri without a rebound.
2:56 of 3rd period - Kevin Hayes wins face-off versus Sean Couturier in Rangers zone.
3:17 of 3rd period - Kevin Hayes is hit by Milan Lucic and loses puck.
4:13 of 3rd period - Minor Penalty to Milan Lucic for Holding.
4:14 of 3rd period - Tomas Hertl wins face-off versus Jonathan Toews in Rangers zone.
4:52 of 3rd period - Slapshot by Zack Kassian.
4:52 of 3rd period - Shot Misses the Net.
4:54 of 3rd period - Wrist shot by Wojtek Wolski.
4:54 of 3rd period - Goal by Wojtek Wolski - Rangers : 1 - Bruins : 4.
4:55 of 3rd period - Casey Cizikas wins face-off versus Artem Anisimov in neutral zone.
6:36 of 3rd period - Slapshot by Ryan Strome.
6:36 of 3rd period - Shot Misses the Net.
6:42 of 3rd period - Matt Read is hit by Ryan Strome and loses puck.
6:51 of 3rd period - Jason Demers is hit by Brett Ponich and loses puck.
7:20 of 3rd period - Ryan Strome is hit by Casey Cizikas and loses puck.
7:37 of 3rd period - Snap shot by Artem Anisimov.
7:37 of 3rd period - Shot Misses the Net.
7:39 of 3rd period - Slapshot by Ryan Strome.
7:39 of 3rd period - Shot Misses the Net.
7:41 of 3rd period - Wrist shot by Brett Ponich.
7:41 of 3rd period - Stopped by Kevin Poulin with a rebound.
8:34 of 3rd period - Slapshot by Artem Anisimov.
8:34 of 3rd period - Stopped by Kevin Poulin with a rebound.
8:36 of 3rd period - Slapshot by Dmitry Kulikov.
8:36 of 3rd period - Shot Blocked by Adam Pelech.
8:48 of 3rd period - Wrist shot by T.J Galiardi.
8:48 of 3rd period - Stopped by Kevin Poulin without a rebound.
8:49 of 3rd period - Sean Couturier wins face-off versus Wojtek Wolski in Bruins zone.
8:54 of 3rd period - Snap shot by Sean Couturier.
8:54 of 3rd period - Stopped by Kevin Poulin with a rebound.
8:56 of 3rd period - Snap shot by Sean Couturier.
8:56 of 3rd period - Stopped by Kevin Poulin with a rebound.
9:14 of 3rd period - Chris Bourque is hit by Victor Oreskovich.
10:02 of 3rd period - Wojtek Wolski is hit by Milan Lucic and loses puck.
10:08 of 3rd period - Minor Penalty to Jason Demers for Boarding.
10:09 of 3rd period - Milan Lucic wins face-off versus Wojtek Wolski in Bruins zone.
10:10 of 3rd period - Wrist shot by Sean Couturier.
10:10 of 3rd period - Stopped by Kevin Poulin with a rebound.
10:12 of 3rd period - Slapshot by Dmitry Kulikov.
10:12 of 3rd period - Stopped by Kevin Poulin without a rebound.
10:13 of 3rd period - Wojtek Wolski wins face-off versus Sean Couturier in Bruins zone.
12:08 of 3rd period - Penalty to Jason Demers is over, Jason Demers is back on ice.
12:22 of 3rd period - Jonas Brodin is hit by Mikael Backlund and loses puck.
12:31 of 3rd period - Snap shot by Kris Chucko.
12:31 of 3rd period - Shot Misses the Net.
12:33 of 3rd period - Snap shot by Kris Chucko.
12:33 of 3rd period - Stopped by Harru Sateri without a rebound.
12:34 of 3rd period - Kevin Hayes wins face-off versus Artem Anisimov in Rangers zone.
12:35 of 3rd period - Wrist shot by Victor Oreskovich.
12:35 of 3rd period - Shot Misses the Net.
13:00 of 3rd period - Kris Chucko is hit by Richard Panik and loses puck.
13:06 of 3rd period - Icing by Kris Chucko.
13:07 of 3rd period - Sean Couturier wins face-off versus Mikael Backlund in Bruins zone.
13:22 of 3rd period - Snap shot by Sean Couturier.
13:22 of 3rd period - Shot Blocked by Kris Chucko.
13:40 of 3rd period - Brendan Smith is hit by Chris Bourque and loses puck.
13:55 of 3rd period - Slapshot by Wojtek Wolski.
13:55 of 3rd period - Stopped by Harru Sateri without a rebound.
13:56 of 3rd period - Maxime Sauvé wins face-off versus Kevin Hayes in Rangers zone.
14:03 of 3rd period - Snap shot by Magnus Paajarvi.
14:03 of 3rd period - Stopped by Kevin Poulin without a rebound.
14:04 of 3rd period - Sean Couturier wins face-off versus Kevin Hayes in Bruins zone.
14:07 of 3rd period - Wrist shot by Devante Smith-Pelly.
14:07 of 3rd period - Shot Misses the Net.
14:09 of 3rd period - Slapshot by Luke Schenn.
14:09 of 3rd period - Stopped by Kevin Poulin with a rebound.
14:11 of 3rd period - Snap shot by Sean Couturier.
14:11 of 3rd period - Stopped by Kevin Poulin with a rebound.
14:58 of 3rd period - Snap shot by Kevin Hayes.
14:58 of 3rd period - Stopped by Harru Sateri with a rebound.
15:00 of 3rd period - Snap shot by Victor Oreskovich.
15:00 of 3rd period - Shot Blocked by Ryan Strome.
15:02 of 3rd period - Slapshot by Torey Krug.
15:02 of 3rd period - Goal by Torey Krug - Rangers : 1 - Bruins : 5.
15:03 of 3rd period - Sean Couturier wins face-off versus Wojtek Wolski in neutral zone.
15:05 of 3rd period - Minor Penalty to Devante Smith-Pelly for Holding.
15:06 of 3rd period - Jonathan Toews wins face-off versus Sean Couturier in Rangers zone.
16:29 of 3rd period - Icing by Kevin Hayes.
16:30 of 3rd period - Dustin Brown wins face-off versus Kevin Hayes in Bruins zone.
17:05 of 3rd period - Penalty to Devante Smith-Pelly is over, Devante Smith-Pelly is back on ice.
17:23 of 3rd period - Brendan Smith is hit by T.J Galiardi and loses puck.
18:29 of 3rd period - Minor Penalty to Andrei Kostitsyn for Tripping.
18:30 of 3rd period - Wojtek Wolski wins face-off versus Sean Couturier in Bruins zone.
18:40 of 3rd period - Wrist shot by Milan Lucic.
18:40 of 3rd period - Shot Misses the Net.
18:42 of 3rd period - Snap shot by Dmitry Kulikov.
18:42 of 3rd period - Stopped by Kevin Poulin with a rebound.
18:44 of 3rd period - Wrist shot by Dmitry Kulikov.
18:44 of 3rd period - Shot Blocked by Zack Kassian.
18:46 of 3rd period - Snap shot by Milan Lucic.
18:46 of 3rd period - Shot Misses the Net.
19:06 of 3rd period - Tomas Hertl is hit by Brendan Smith and loses puck.
Goals for this period are 0 for Rangers vs 3 for Bruins.
Shots for this period are 12 for Rangers vs 10 for Bruins.